 Dungeon Crawl Stone Soup version 0.26-a0-50-gc4d14cd (webtiles) character file.

Game seed: 8186983146795966010

235 silenth the Chucker (level 6, 0/38 HPs)
             Began as a Kobold Hunter on June 5, 2020.
             Slain by an orc priest
             ... wielding a +2 falchion of protection
              (7 damage)
             ... on level 4 of the Dungeon.
             The game lasted 00:05:42 (4174 turns).

silenth the Chucker (Kobold Hunter)                 Turns: 4174, Time: 00:05:43

Health: 0/38       AC:  5    Str: 12    XL:     6   Next: 27%
Magic:  6/6        EV: 14    Int: 12    God:
Gold:   98         SH:  0    Dex: 15    Spells: 5/5 levels left

rFire    . . .     SeeInvis .   a - +0 short sword
rCold    . . .     Gourm    .   (shield restricted)
rNeg     . . .     Faith    .   b - +1 leather armour
rPois    .         Spirit   .   (no helmet)
rElec    .         Reflect  .   (no cloak)
rCorr    .         Harm     .   j - +0 pair of gloves
MR       .....                  (no boots)
Stlth    ++........             p - amulet of magic regeneration
HPRegen  0.12/turn              (no ring)
MPRegen  0.35/turn              (no ring)

@: no status effects
A: small, carnivore
a: no special abilities


You were on level 4 of the Dungeon.
You were not hungry.

You visited 1 branch of the dungeon, and saw 4 of its levels.

You collected 98 gold pieces.

Inventory:

Hand Weapons
 a - a +0 short sword (weapon)
Missiles
 c - 18 boomerangs (quivered)
 d - 2 throwing nets
 n - 8 poisoned darts
Armour
 b - a +1 leather armour (worn)
 j - a +0 pair of gloves (worn)
Jewellery
 p - an amulet of magic regeneration (around neck)
Scrolls
 f - a scroll of blinking {unknown}
 g - a scroll of amnesia {unknown}
 h - a scroll of teleportation
 k - a scroll of magic mapping {unknown}
 q - 2 scrolls of enchant weapon {unknown}
Potions
 i - 2 potions of heal wounds {unknown}
 l - a potion of flight
 m - a potion of haste {unknown}
 o - a potion of brilliance {unknown}
Comestibles
 e - 6 rations


   Skills:
 + Level 3.7 Fighting
 + Level 3.3 Short Blades
 * Level 6.3 Throwing
 - Level 2.4 Dodging
 + Level 2.0 Stealth


You had 5 spell levels left.
You didn't know any spells.
Your spell library was empty.

Dungeon Overview and Level Annotations

Branches:
Dungeon (4/15)
 Temple: D:4-7

Altars:
Qazlal


Innate Abilities, Weirdness & Mutations

You are small and have problems with some larger weapons.
You are carnivorous and can eat meat at any time.


Message History

Throwing (i - inventory. (/) - cycle)
c - 19 boomerangs (quivered)
Press: ? - help, Shift-Dir - straight line, f/p - orc priest
Aim: an orc priest, wielding a +2 falchion of protection and wearing a +0 leather armour You throw a boomerang.
The boomerang closely misses the orc priest.
The orc priest invokes the aid of Beogh against you.
Beogh smites you!
* * * LOW HITPOINT WARNING * * *
Throwing (i - inventory. (/) - cycle)
c - 19 boomerangs (quivered)
Press: ? - help, Shift-Dir - straight line, f/p - orc priest
Aim: an orc priest, wielding a +2 falchion of protection and wearing a +0 leather armour You throw a boomerang.
The boomerang hits the orc priest.
The orc priest is heavily wounded.
Throwing (i - inventory. (/) - cycle)
c - 18 boomerangs (quivered)
Press: ? - help, Shift-Dir - straight line, f/p - orc priest
Aim: an orc priest, wielding a +2 falchion of protection and wearing a +0 leather armour (heavily wounded)
You throw a boomerang. The boomerang hits the orc priest.
The orc priest is severely wounded.
The orc priest hits you with a +2 falchion of protection!
You die...

#.# #.# #.# #.#
# #.# ###.###.#
..).....#####.#
#†@o......
#....##.#.
####...# ....#
###.# #


You could see an orc priest.

Vanquished Creatures
  An orc priest (D:3)
  2 orc wizards
  4 adders
  2 oozes
  4 worms
  4 dart slugs
  11 orcs
  14 bats
  3 giant cockroaches
  6 goblins
  5 hobgoblins
  8 jackals
  5 kobolds
  2 quokkas
  3 ball pythons
  4 frilled lizards
  7 rats
85 creatures vanquished.

Notes
Turn   | Place    | Note
-------+----------+-------------------------------------------
     0 | D:1      | silenth the Kobold Hunter began the quest for the Orb.
     0 | D:1      | Reached XP level 1. HP: 12/12 MP: 1/1
   638 | D:1      | Reached XP level 2. HP: 14/18 MP: 2/2
   643 | D:1      | Reached skill level 1 in Short Blades
   931 | D:1      | Reached XP level 3. HP: 22/22 MP: 3/3
  1458 | D:2      | Reached skill level 5 in Throwing
  1489 | D:1      | HP: 1/22 [worm (8)]
  2102 | D:2      | Reached XP level 4. HP: 18/27 MP: 4/4
  2231 | D:2      | Reached skill level 2 in Short Blades
  2611 | D:2      | Reached skill level 3 in Fighting
  2640 | D:2      | Reached XP level 5. HP: 26/32 MP: 5/5
  2974 | D:3      | Reached skill level 3 in Short Blades
  2974 | D:3      | Reached skill level 6 in Throwing
  3340 | D:3      | Reached XP level 6. HP: 37/37 MP: 6/6
  3619 | D:3      | Found a stormy altar of Qazlal.
  4159 | D:3      | Reached skill level 2 in Stealth
  4174 | D:4      | Slain by an orc priest

Illustrated notes

Levels and vault maps discovered:
D:1:      minmay_arrival_jagged, layout_basic, minmay_pentomino_x2
D:2:      layout_rooms, first_ration
D:3:      layout_rooms, nicolae_qazlal_general_emergency,
          corexii_item_surrounded_by_moat, st_stairs_10
D:4:      layout_loops_ring, serial_bayou_pond_c, uniq_menkaure,
          uniq_crazy_yiuf_cottage, uniq_robin

Skill      XL: |  1  2  3  4  5  6 |
---------------+-------------------+-----
Short Blades   | 1 2 3 |  3.3
Throwing       | 5 6 |  6.3
Fighting       | 3 |  3.7
Stealth        | 2 |  2.0
Dodging        | |  2.4

Action                   |  1- 3 |  4- 6 || total
-------------------------+-------+-------++-------
Melee: Short sword       |   138 |   144 ||   282
Throw: Boomerang         |    27 |    58 ||    85
       Throwing net      |     1 |       ||     1
  Use: Scroll            |     3 |     2 ||     5
       Potion            |     1 |     2 ||     3
 Stab: Sleeping          |     1 |     2 ||     3
  Eat: Chunk             |     6 |     8 ||    14
Armor: Leather armour    |    35 |    59 ||    94
Dodge: Dodged            |   160 |   174 ||   334

Table legend:
 A = Non-vault XP
 B = Vault XP
 C = Vault XP percentage of total XP
 D = Non-vault monster count
 E = Vault monster count
 F = Vault count percentage of total count
                 A         B        C        D         E       F
            +---------+---------+-------+---------+---------+-------
      Total |     321 |      16 |   4.7 |      80 |       5 |   5.9
            +---------+---------+-------+---------+---------+-------
        D:1 |      47 |       2 |   4.1 |      23 |       2 |   8.0
        D:2 |      91 |       0 |   0.0 |      20 |       0 |   0.0
        D:3 |     174 |      14 |   7.4 |      35 |       3 |   7.9
        D:4 |       9 |       0 |   0.0 |       2 |       0 |   0.0
            +---------+---------+-------+---------+---------+-------
